AoeStats
← LostBard

MegaRandom

504110736Analyzed
1v1 RM · 29d ago on Sep 3, 2026· 21m 3s· 2 players
Game mode
Random Map
Map size
Tiny (2 player)
Population
200
Speed
Normal
Resources
Standard
Victory
Conquest
Starting age
Dark Age
Ending age
Imperial Age
RankedLock teamsTeams togetherTeam positionsShared explorationLock speedFull tech treeHidden civsTurbo modeCheats
Victory
Defeat
🇩🇪 Khmer · Germany
812
+19
🇺🇸 Ethiopians · United States
871
-19
Semih373
10:03 Feudal Age
10:40 Double-Bit Axe
15:47 Castle Age
14:02 Gold Mining
17:46 Forging
18:56 Scale Barding Armor
LostBard
4:12 Loom
10:51 Feudal Age
9:08 Loom
12:13 Wheelbarrow
11:24 Double-Bit Axe
11:23 Horse Collar
12:21 Town Watch
16:05 Gold Mining
Connection lost

Rejoining the realm…

Still unreachable

The connection could not be restored.

Session expired

The server has moved on; the page needs a fresh start.